 Dungeon Crawl Stone Soup version 0.27.0-1-g7a089689b8 (webtiles) character file.

Game seed: 16666742704371508569

7928 jimbutter the Cleaver (level 11, -2/102 HPs)
             Began as a Minotaur Berserker on Aug 3, 2021.
             Was an Elder of Trog.
             Slain by a blink frog (3 damage)
             ... on level 1 of the Lair of Beasts on Aug 6, 2021.
             The game lasted 00:25:32 (11413 turns).

jimbutter the Cleaver (Minotaur Berserker)         Turns: 11413, Time: 00:25:33

Health: -2/102     AC: 14    Str: 25    XL:     11   Next: 3%
Magic:  10/10      EV:  9    Int:  4    God:    Trog [****..]
Gold:   282        SH:  0    Dex: 10    Spells: 10/10 levels left

rFire    . . .     SeeInvis .   a - +0 broad axe
rCold    . . .     Faith    .   (no shield)
rNeg     . . .     Spirit   .   i - +0 chain mail
rPois    .         Reflect  .   (helmet restricted)
rElec    .         Harm     .   (no cloak)
rCorr    .         Rampage  .   y - +0 pair of gloves
Will     +....                  c - +0 pair of boots
Stlth    ..........             (no amulet)
HPRegen  0.27/turn              m - ring of willpower
MPRegen  0.12/turn              B - ring of flight

@: flying, studying Short Blades
A: horns 2, retaliatory headbutt
a: Renounce Religion, Berserk, Trog's Hand, Brothers in Arms


You were on level 1 of the Lair of Beasts.
You worshipped Trog.
Trog was greatly pleased with you.
You visited 2 branches of the dungeon, and saw 11 of its levels.
You also visited: Sewer.

You collected 557 gold pieces.
You spent 275 gold pieces at shops.

Inventory:

Hand Weapons
 a - a +0 broad axe (weapon)
 b - a +0 hunting sling
 j - a +4 war axe
Missiles
 f - 5 atropa-tipped darts
 z - 16 poisoned darts (quivered)
Armour
 c - a +0 pair of boots (worn)
 i - a +0 chain mail (worn)
 p - a +1 plate armour
 y - a +0 pair of gloves (worn)
Jewellery
 m - a ring of willpower (left hand)
 q - a ring of positive energy
 B - a ring of flight (right hand)
 E - a ring of ice
Wands
 d - a wand of iceblast (11)
 h - a wand of paralysis (20)
 r - a wand of flame (60)
Scrolls
 e - 2 scrolls of identify
 o - a scroll of enchant armour
 v - a scroll of blinking
 x - 2 scrolls of magic mapping
 D - a scroll of holy word
Potions
 g - a potion of might
 k - a potion of berserk rage
 l - 3 potions of brilliance
 n - 4 potions of flight
 s - a potion of cancellation
 t - 7 potions of curing
 u - a potion of lignification
 w - 2 potions of heal wounds
 A - 2 potions of ambrosia
 C - a potion of invisibility


   Skills:
 + Level 11.0 Fighting
 * Level 14.5 Axes
 + Level 9.5 Armour
 - Level 2.1 Dodging


You had 10 spell levels left.
You didn't know any spells.
Your spell library was empty.

Dungeon Overview and Level Annotations

Branches:
Dungeon (10/15)            Temple (0/1) D:6            Lair (1/6) D:8
  Sewer (visited)
    Orc: D:9-12

Altars:
Fedhas
Hepliaklqana
Okawaru
Qazlal
Ru
Uskayaw
Vehumet
Xom
Yredelemnul
The Shining One

Shops:
D:5 =


Innate Abilities, Weirdness & Mutations

You have a pair of horns on your head.
You reflexively headbutt those who attack you in melee.


Message History

You see here a water moccasin corpse.
The blink frog gives a loud, deep croak!
You feel better.
You hit the blink frog. Your headbutt misses the blink frog.
The blink frog is lightly wounded.
The blink frog hits you but does no damage. x2
A blink frog comes into view.
You miss the blink frog.
The blink frog gives a loud, deep croak!
You headbutt the blink frog.
The blink frog is lightly wounded.
You hear a loud, deep croak!
A blink frog comes into view.
The blink frog hits you.
You closely miss the blink frog. Your headbutt misses the blink frog.
The blink frog is lightly wounded.
The blink frog hits you!
* * * LOW HITPOINT WARNING * * *
The blink frog blinks!
Blink to where?
Press: ? - help, Dir - move target
As you read the scroll of blinking, it crumbles to dust.
The blink frog blinks!
Found a box of beasts.
The blink frog blinks!
The blink frog blinks! x2
The blink frog barely misses you. You furiously retaliate!
You headbutt the blink frog!
The blink frog blinks!
The blink frog hits you!
* * * LOW HITPOINT WARNING * * *
The blink frog blinks!
You closely miss the blink frog.
The blink frog is lightly wounded.
The blink frog hits you!
* * * LOW HITPOINT WARNING * * *
You feel better. The blink frog hits you!
* * * LOW HITPOINT WARNING * * *
The blink frog blinks!
The blink frog hits you.
You die...

.....#####...............#
.......P#................#
......[................<##
.......................##
.....(................##
.........#............#
..........#..........#
.................>...#
...........###.F@..##
...........####.....##
............# ##.....##
............## ##.§...##
#............# #§.....##
##..........# ##.P....##
###......## ##......#.#
###....# ###........#.
###..## #...........#


You could see a blink frog.

Vanquished Creatures
  2 two-headed ogres (D:6)
  2 cane toads (Lair:1)
  10 yaks
  2 wyverns
  2 steam dragons (D:7)
  An acid dragon (D:9)
  7 water moccasins
  A black bear (D:8)
  3 orc warriors
  A necrophage (D:8)
  2 ogres
  A centaur (D:8)
  A phantom (D:6)
  2 kobold brigands
  8 bullfrogs
  4 scorpions
  A wyvern skeleton (D:7)
  A water moccasin zombie (D:7)
  7 killer bees (D:9)
  5 wights (D:8)
  2 howler monkeys
  4 crimson imps (D:7)
  A centaur zombie (D:6)
  A jelly (D:6)
  4 hounds
  4 orc priests
  2 bullfrog skeletons
  Ijyb (D:4)
  6 orc wizards
  Natasha (thrice) (D:3)
  Robin (D:3)
  3 gnolls (D:8)
  5 adders
  A shadow imp (D:5)
  A white imp (D:6)
  2 ufetubi
  An adder zombie (D:5)
  2 adder skeletons (D:4)
  A worm (D:4)
  3 dart slugs
  18 orcs
  7 ball pythons
  4 endoplasms
  3 giant cockroaches
  14 goblins
  10 hobgoblins
  3 jackals (D:2)
  6 quokkas
  8 bats
  6 frilled lizards
  15 kobolds
  10 rats
215 creatures vanquished.

Vanquished Creatures (others)
  A goblin (D:3)
  39 fungi
  37 plants
77 creatures vanquished.

Grand Total: 292 creatures vanquished

Notes
Turn   | Place    | Note
-------+----------+-------------------------------------------
     0 | D:1      | jimbutter the Minotaur Berserker began the quest for the
                  | Orb.
     0 | D:1      | Reached XP level 1. HP: 19/19 MP: 0/0
   130 | D:1      | Reached skill level 4 in Axes
   136 | D:1      | Reached XP level 2. HP: 21/27 MP: 1/1
   421 | D:1      | Reached ** piety under Trog
   422 | D:1      | Reached XP level 3. HP: 32/33 MP: 2/2
   901 | D:2      | Reached skill level 5 in Axes
  1110 | D:2      | Noticed a great orb of eyes
  1116 | D:2      | Noticed a golden eye
  1118 | D:2      | Found a faded altar of an unknown god.
  1120 | D:2      | Noticed a shining eye
  1122 | D:2      | Noticed a shining eye
  1366 | D:3      | Noticed Natasha
  1374 | D:3      | Killed Natasha
  1375 | D:3      | Reached XP level 4. HP: 41/41 MP: 3/3
  1450 | D:3      | Noticed Robin
  1472 | D:3      | Noticed Natasha
  1479 | D:3      | Killed Robin
  1480 | D:3      | Reached *** piety under Trog
  1483 | D:3      | Killed Natasha
  1484 | D:3      | Reached skill level 6 in Axes
  1484 | D:3      | Reached XP level 5. HP: 41/47 MP: 4/4
  1497 | D:3      | Noticed Natasha
  1711 | D:3      | Killed Natasha
  1712 | D:3      | Reached skill level 5 in Fighting
  2184 | D:4      | Reached skill level 7 in Axes
  2184 | D:4      | Reached XP level 6. HP: 51/56 MP: 5/5
  2189 | D:4      | Noticed Ijyb
  2205 | D:4      | Killed Ijyb
  2690 | D:4      | Found a glowing drain.
  2699 | Sewer    | Entered a sewer
  3099 | Sewer    | Found a white marble altar of Elyvilon.
  3234 | D:4      | Reached skill level 8 in Axes
  3389 | D:4      | Reached XP level 7. HP: 61/62 MP: 6/6
  4113 | D:5      | Entered Level 5 of the Dungeon
  4362 | D:5      | Found Aploef's Jewellery Boutique.
  5268 | D:6      | Reached skill level 9 in Axes
  5310 | D:6      | Found an iron altar of Okawaru.
  5410 | D:6      | Reached **** piety under Trog
  5436 | D:6      | Reached XP level 8. HP: 73/73 MP: 7/7
  5638 | D:6      | You fall into a shaft and drop 2 floors!
  5645 | D:8      | Found a sacrificial altar of Ru.
  5771 | D:7      | Found a blossoming altar of Fedhas.
  5777 | D:7      | Found a stormy altar of Qazlal.
  5801 | D:7      | Reached skill level 10 in Axes
  5806 | D:7      | Reached skill level 5 in Armour
  6346 | D:6      | Found a staircase to the Ecumenical Temple.
  6685 | D:6      | Found a hazy altar of Hepliaklqana.
  6807 | D:6      | Noticed a two-headed ogre
  6811 | D:6      | Killed a two-headed ogre
  6812 | D:6      | Reached skill level 11 in Axes
  6812 | D:6      | Reached XP level 9. HP: 82/82 MP: 8/8
  7001 | D:6      | Noticed a two-headed ogre
  7017 | D:6      | Killed a two-headed ogre
  7018 | D:6      | Reached skill level 12 in Axes
  7349 | D:7      | Found a shimmering altar of Xom.
  7483 | D:7      | Found a glowing golden altar of the Shining One.
  7740 | D:8      | Reached XP level 10. HP: 68/92 MP: 9/9
  7844 | D:8      | Found a staircase to the Lair.
  7860 | D:8      | Reached skill level 13 in Axes
  8077 | D:8      | Reached skill level 10 in Fighting
  8213 | D:5      | Bought a ring of willpower for 275 gold pieces
  9004 | D:9      | Found a hide-covered altar of Uskayaw.
 10039 | D:9      | Found a radiant altar of Vehumet.
 10514 | D:9      | Found a basalt altar of Yredelemnul.
 10517 | D:9      | Reached skill level 14 in Axes
 10673 | D:10     | Entered Level 10 of the Dungeon
 10673 | D:10     | Noticed a cyclops
 10673 | D:10     | Noticed a two-headed ogre
 10707 | Lair:1   | Entered Level 1 of the Lair of Beasts
 10784 | Lair:1   | Noticed a cane toad
 10791 | Lair:1   | Killed a cane toad
 11300 | Lair:1   | Noticed a cane toad
 11319 | Lair:1   | Killed a cane toad
 11320 | Lair:1   | Reached XP level 11. HP: 11/102 MP: 10/10
 11327 | Lair:1   | HP: 5/102 [poisoned by a cane toad]
 11412 | Lair:1   | HP: 3/102 [blink frog (11)]
 11413 | Lair:1   | HP: 1/102 [blink frog (10)]
 11413 | Lair:1   | Slain by a blink frog

Illustrated notes

Levels and vault maps discovered:
D:1:      heliophobic_arrival_enchanted_forest, layout_rooms, minmay_3d_cube
D:2:      layout_rooms, hellmonk_ecumenical_altar_watching_god,
          lightli_corner_chamber
D:3:      layout_rooms, roderic_serpentine_path, kennysheep_generic_room_15,
          uniq_natasha, uniq_robin
D:4:      layout_layer_cave, portal_sewer_entry_d, uniq_ijyb
D:5:      cheibrodos_quashed, layout_cave_pods, serial_shops,
          nicolae_diamond_shop, kennysheep_minor_cross
D:6:      layout_basic, lemuel_round_altar, mainiacjoe_overflow_alcove_1,
          minmay_temple_entry_wispy, minmay_strange_pillars,
          minmay_manual_monolith
D:7:      layout_cave_pools, grunt_temple_overflow_forces_of_nature,
          mainiacjoe_overflow_alcove_4, led_xom_imps, kennysheep_small_square
D:8:      layout_loops_corners, mainiacjoe_overflow_surrounded_room,
          due_lair_maze_entry_diamond, kennysheep_generic_room_6
D:9:      layout_roguey, marbit_many_paths, nicolae_uskayaw_dance_hall,
          mainiacjoe_overflow_chevrons
D:10:     layout_rooms, gammafunk_temple_overflow_elements,
          minmay_orc_entry_guard_dogs, uniq_maurice, uniq_erica
Lair:1:   layout_cave_pods, st_stairs_11

Skill      XL: |  1  2  3  4  5  6  7  8  9 10 |
---------------+-------------------------------+-----
Axes           | 4 5 6 7 8 9 11 12 14 | 14.5
Fighting       | 4 5 6 7 8 9 11 | 11.0
Armour         | 3 6 7 9 |  9.5
Dodging        | |  2.1

Action                   |  1- 3 |  4- 6 |  7- 9 | 10-12 || total
-------------------------+-------+-------+-------+-------++-------
Melee: Hand axe          |   121 |   134 |    12 |       ||   267
       Headbutt          |    17 |    20 |    28 |    26 ||    91
       Broad axe         |       |       |   127 |   174 ||   301
Throw: Dart              |       |       |     9 |     4 ||    13
Invok: Berserk           |     1 |     4 |     3 |     4 ||    12
       Trog's Hand       |     1 |     1 |     1 |     4 ||     7
  Use: Potion            |       |     2 |       |     2 ||     4
       Scroll            |       |       |    16 |     3 ||    19
Armor: Animal skin       |    10 |       |       |       ||    10
       Ring mail         |    17 |       |       |       ||    17
       Chain mail        |    39 |    71 |    80 |    79 ||   269
Dodge: Dodged            |    85 |    47 |    64 |    75 ||   271
